TOP OF THE 1ST |
University of Maine Black Bears batting - Pitching for Arizona State University Sun Devils : RHP Bill Dominguez
|
Pitching: RHP Bill Dominguez
|
|
Batting: RHB Justin Degon
|
0-0: Called Strike 0-1: Foul Ball, location: 2F 0-2: Strikes out swinging
|
Batting: SHB Ron Handford
|
0-0: Ball 1-0: Ground out 2-3 (Groundball, 13S, EV 68.8 MPH)
|
Batting: RHB Geoffrey Potter
|
0-0: Ball 1-0: Ball 2-0: Ball 3-0: Called Strike 3-1: Base on Balls
|
Batting: RHB Geoffrey Gonzalez
|
0-0: Called Strike 0-1: Fly out, F5 (Popup, 56S, EV 88.8 MPH)
|
Top of the 1st over - 0 runs, 0 hits, 0 errors, 1 left on base; University of Maine 0 - Arizona State University 0 |
BOTTOM OF THE 1ST |
Arizona State University Sun Devils batting - Pitching for University of Maine Black Bears : RHP Tommy Meade
|
Pitching: RHP Tommy Meade
|
|
Batting: RHB Rusty Gee
|
0-0: Called Strike 0-1: Ball 1-1: Swinging Strike 1-2: Strikes out swinging
|
Batting: LHB Timon Giorgiou
|
0-0: Ball 1-0: Called Strike 1-1: Foul Ball, location: 2F 1-2: Ball 2-2: SINGLE (Groundball, 56S, EV 68.1 MPH) (infield hit)
|
Batting: LHB Randy Marquez
|
0-0: Ball Timon Giorgiou is caught stealing 2nd base 2-6 1-0: Foul Ball, location: 2F 1-1: Called Strike 1-2: Foul Ball, location: 2F 1-2: Ball 2-2: Ball 3-2: Strikes out looking
|
Bottom of the 1st over - 0 runs, 1 hit, 0 errors, 0 left on base; University of Maine 0 - Arizona State University 0 |
TOP OF THE 2ND |
University of Maine Black Bears batting - Pitching for Arizona State University Sun Devils : RHP Bill Dominguez
|
Batting: LHB Ed Leighton
|
0-0: Ball 1-0: Foul Ball, location: 2F 1-1: Ball 2-1: Foul Ball, location: 2F 2-2: Strikes out swinging
|
Batting: RHB Rewa Havika
|
0-0: Ball 1-0: Called Strike 1-1: Ball 2-1: Ground out 5-3 (Groundball, 56, EV 81.2 MPH)
|
Batting: LHB John Bergeron
|
0-0: Ball 1-0: Foul Ball, location: 2F 1-1: Foul Ball, location: 2F 1-2: Ground out 6-3 (Groundball, 6, EV 88.1 MPH)
|
Top of the 2nd over - 0 runs, 0 hits, 0 errors, 0 left on base; University of Maine 0 - Arizona State University 0 |
BOTTOM OF THE 2ND |
Arizona State University Sun Devils batting - Pitching for University of Maine Black Bears : RHP Tommy Meade
|
Batting: RHB Chris DeLuise
|
0-0: Ball 1-0: Foul Ball, location: 2F 1-1: Ball 2-1: Fly out, F4 (Line Drive, 4MD, EV 63.8 MPH)
|
Batting: SHB Manny Aponte
|
0-0: Ball 1-0: Called Strike 1-1: Foul Ball, location: 2F 1-2: Foul Ball, location: 2F 1-2: DOUBLE (Line Drive, 8LXD, EV 106.9 MPH)
|
Batting: RHB John Burgis
|
0-0: Ball 1-0: Called Strike 1-1: Swinging Strike 1-2: Ball 2-2: Ball 3-2: Foul Ball, location: 2F 3-2: Strikes out swinging
|
Batting: LHB Dustin Gill
|
0-0: Swinging Strike 0-1: Fly out, F8 (Flyball, 89M, EV 92.5 MPH)
|
Bottom of the 2nd over - 0 runs, 1 hit, 0 errors, 1 left on base; University of Maine 0 - Arizona State University 0 |
TOP OF THE 3RD |
University of Maine Black Bears batting - Pitching for Arizona State University Sun Devils : RHP Bill Dominguez
|
Batting: RHB Frank Gould
|
0-0: Ball 1-0: SINGLE (Line Drive, 56D, EV 98.1 MPH)
|
Batting: RHB Wang Huan
|
Pickoff Play to 1st, Runner tries for 2nd, OUT after rundown. 0-0: Ball 1-0: Called Strike 1-1: Foul Ball, location: 2F 1-2: Ground out 5-3 (Groundball, 5S, EV 74.4 MPH)
|
Batting: RHB Justin Degon
|
0-0: Ball 1-0: SINGLE (Line Drive, 4MD, EV 94.4 MPH)
|
Batting: SHB Ron Handford
|
0-0: Ball Justin Degon steals 2nd base 1-0: Foul Ball, location: 2F 1-1: Swinging Strike 1-2: Ball 2-2: Strikes out swinging
|
Top of the 3rd over - 0 runs, 2 hits, 0 errors, 1 left on base; University of Maine 0 - Arizona State University 0 |
BOTTOM OF THE 3RD |
Arizona State University Sun Devils batting - Pitching for University of Maine Black Bears : RHP Tommy Meade
|
Batting: RHB Carl Evans
|
0-0: Ball 1-0: Called Strike 1-1: Ground out 6-3 (Groundball, 6D, EV 100.6 MPH)
|
Batting: LHB Burraga Iukini
|
0-0: Ball 1-0: Called Strike 1-1: Foul Ball, location: 2F 1-2: Foul Ball, location: 2F 1-2: Ball 2-2: Ball 3-2: Hit by Pitch
|
Batting: RHB Rusty Gee
|
0-0: Ball 1-0: Foul Ball, location: 2F 1-1: Swinging Strike 1-2: Ball 2-2: Ball Burraga Iukini is caught stealing 2nd base 2-4 3-2: SINGLE (Groundball, 6M, EV 102.5 MPH)
|
Batting: LHB Timon Giorgiou
|
0-0: Foul Ball, location: 2F 0-1: Swinging Strike 0-2: Ball Rusty Gee steals 2nd base 1-2: Strikes out swinging
|
Bottom of the 3rd over - 0 runs, 1 hit, 0 errors, 1 left on base; University of Maine 0 - Arizona State University 0 |
TOP OF THE 4TH |
University of Maine Black Bears batting - Pitching for Arizona State University Sun Devils : RHP Bill Dominguez
|
Batting: RHB Geoffrey Potter
|
0-0: Called Strike 0-1: Ball 1-1: Called Strike 1-2: Strikes out looking
|
Batting: RHB Geoffrey Gonzalez
|
0-0: Ground out 6-3 (Groundball, 6, EV 110.0 MPH)
|
Batting: LHB Ed Leighton
|
0-0: Called Strike 0-1: Foul Ball, location: 2F 0-2: Foul Ball, location: 2F 0-2: Ball 1-2: Ball 2-2: SINGLE (Groundball, 56S, EV 65.0 MPH) (infield hit)
|
Batting: RHB Rewa Havika
|
0-0: Called Strike 0-1: Ball 1-1: Ball 2-1: Foul Ball, location: 2F 2-2: Foul Ball, location: 2F 2-2: Strikes out swinging
|
Top of the 4th over - 0 runs, 1 hit, 0 errors, 1 left on base; University of Maine 0 - Arizona State University 0 |
BOTTOM OF THE 4TH |
Arizona State University Sun Devils batting - Pitching for University of Maine Black Bears : RHP Tommy Meade
|
Batting: LHB Randy Marquez
|
0-0: Called Strike 0-1: Ball 1-1: Fly out, F8 (Line Drive, 8LD, EV 100.0 MPH)
|
Batting: RHB Chris DeLuise
|
0-0: Called Strike 0-1: Foul Ball, location: 2F 0-2: Ball 1-2: Strikes out swinging
|
Batting: SHB Manny Aponte
|
0-0: Ball 1-0: Swinging Strike 1-1: Foul Ball, location: 2F 1-2: Ball 2-2: Strikes out swinging
|
Bottom of the 4th over - 0 runs, 0 hits, 0 errors, 0 left on base; University of Maine 0 - Arizona State University 0 |
TOP OF THE 5TH |
University of Maine Black Bears batting - Pitching for Arizona State University Sun Devils : RHP Bill Dominguez
|
Batting: LHB John Bergeron
|
0-0: Ball 1-0: Ball 2-0: Foul Ball, location: 2F 2-1: Ball 3-1: Base on Balls
|
Batting: RHB Frank Gould
|
0-0: SINGLE (Line Drive, 6D, EV 100.0 MPH) John Bergeron to second
|
Batting: RHB Wang Huan
|
0-0: Ball 1-0: Swinging Strike 1-1: Ball 2-1: Ball 3-1: Base on Balls John Bergeron to third Frank Gould to second
|
Batting: RHB Justin Degon
|
0-0: Ball 1-0: Ball 2-0: Called Strike 2-1: Foul Ball, location: 2F 2-2: Strikes out swinging
|
Batting: SHB Ron Handford
|
0-0: Ball 1-0: Swinging Strike 1-1: Swinging Strike 1-2: Strikes out looking
|
Pitching: RHP Kyle Mahalik
|
|
Batting: RHB Geoffrey Potter
|
0-0: Fly out, F8 (Flyball, 89D, EV 101.9 MPH)
|
Top of the 5th over - 0 runs, 1 hit, 0 errors, 3 left on base; University of Maine 0 - Arizona State University 0 |
BOTTOM OF THE 5TH |
Arizona State University Sun Devils batting - Pitching for University of Maine Black Bears : RHP Tommy Meade
|
Batting: RHB John Burgis
|
0-0: Ball 1-0: Foul Ball, location: 2F 1-1: Swinging Strike 1-2: Foul Ball, location: 2F 1-2: Foul Ball, location: 2F 1-2: Ball 2-2: Ball 3-2: Strikes out swinging
|
Batting: LHB Dustin Gill
|
0-0: Ball 1-0: Foul Ball, location: 2F 1-1: Foul Ball, location: 2F 1-2: Fly out, F4 (Popup, 13, EV 71.9 MPH)
|
Batting: RHB Carl Evans
|
0-0: Fly out, F8 (Flyball, 78M, EV 90.0 MPH)
|
Bottom of the 5th over - 0 runs, 0 hits, 0 errors, 0 left on base; University of Maine 0 - Arizona State University 0 |
TOP OF THE 6TH |
University of Maine Black Bears batting - Pitching for Arizona State University Sun Devils : RHP Kyle Mahalik
|
Batting: RHB Geoffrey Gonzalez
|
0-0: Called Strike 0-1: Foul Ball, location: 2F 0-2: Ball 1-2: Ball 2-2: Ground out 4-3 (Groundball, 4, EV 76.9 MPH)
|
Batting: LHB Ed Leighton
|
0-0: Called Strike 0-1: Ground out 6-3 (Groundball, 56, EV 86.9 MPH)
|
Batting: RHB Rewa Havika
|
0-0: Ball 1-0: SOLO HOME RUN (Flyball, 7D, EV 96.9 MPH), Distance : 356 ft
|
Batting: LHB John Bergeron
|
0-0: Foul Ball, location: 2F 0-1: Swinging Strike 0-2: Strikes out looking
|
Top of the 6th over - 1 run, 1 hit, 0 errors, 0 left on base; University of Maine 1 - Arizona State University 0 |
BOTTOM OF THE 6TH |
Arizona State University Sun Devils batting - Pitching for University of Maine Black Bears : RHP Tommy Meade
|
Pitching: LHP Mario Valderrama
|
|
Pinch Hitting: RHB Kawenaula Kapali
|
0-0: Ball 1-0: Foul Ball, location: 2F 1-1: Ground out U3 (Groundball, 34, EV 83.1 MPH)
|
Batting: RHB Rusty Gee
|
0-0: Called Strike 0-1: Foul Ball, location: 2F 0-2: Ball 1-2: Ball 2-2: Strikes out swinging
|
Batting: LHB Timon Giorgiou
|
0-0: Ball 1-0: Ball 2-0: Foul Ball, location: 2F 2-1: Ball 3-1: SOLO HOME RUN (Flyball, 9D, EV 93.1 MPH), Distance : 353 ft
|
Batting: LHB Randy Marquez
|
0-0: Ball 1-0: Ball 2-0: Ground out 4-3 (Groundball, 4, EV 101.2 MPH)
|
Bottom of the 6th over - 1 run, 1 hit, 0 errors, 0 left on base; University of Maine 1 - Arizona State University 1 |
TOP OF THE 7TH |
University of Maine Black Bears batting - Pitching for Arizona State University Sun Devils : RHP Kyle Mahalik
|
Now at 1B: Kawenaula Kapali
|
|
Batting: RHB Frank Gould
|
0-0: DOUBLE (Line Drive, 7LM, EV 115.0 MPH)
|
Pinch Hitting: LHB John Knox
|
0-0: Ball 1-0: Ball 2-0: Foul Ball, location: 2F 2-1: Ball 3-1: Called Strike 3-2: Foul Ball, location: 2F 3-2: Base on Balls
|
Batting: RHB Justin Degon
|
0-0: Bunt missed! 0-1: Bunt - Flyout to 2R - DP at third! 2-3
|
Batting: LHB Steve Thomas
|
0-0: Called Strike 0-1: Ground out 4-3 (Groundball, 4, EV 84.4 MPH)
|
Top of the 7th over - 0 runs, 1 hit, 0 errors, 1 left on base; University of Maine 1 - Arizona State University 1 |
BOTTOM OF THE 7TH |
Arizona State University Sun Devils batting - Pitching for University of Maine Black Bears : LHP Mario Valderrama
|
Pitching: RHP Shizue Morimoto
|
|
Now in CF: John Knox
|
|
Batting: RHB Chris DeLuise
|
0-0: Called Strike 0-1: Foul Ball, location: 2F 0-2: Foul Ball, location: 2F 0-2: Strikes out looking
|
Batting: SHB Manny Aponte
|
0-0: Called Strike 0-1: Foul Ball, location: 2F 0-2: Fly out, F7 (Flyball, 7LM, EV 89.4 MPH)
|
Batting: RHB John Burgis
|
0-0: SINGLE (Line Drive, 9S, EV 99.4 MPH)
|
Batting: LHB Dustin Gill
|
0-0: Called Strike 0-1: Ball 1-1: Foul Ball, location: 2F 1-2: Foul Ball, location: 2F 1-2: Ball 2-2: Ball 3-2: Foul Ball, location: 2F 3-2: Base on Balls John Burgis to second
|
Batting: RHB Carl Evans
|
0-0: Ball 1-0: Fly out, F8 (Line Drive, 8LD, EV 91.2 MPH)
|
Bottom of the 7th over - 0 runs, 1 hit, 0 errors, 2 left on base; University of Maine 1 - Arizona State University 1 |
TOP OF THE 8TH |
University of Maine Black Bears batting - Pitching for Arizona State University Sun Devils : RHP Kyle Mahalik
|
Batting: RHB Geoffrey Potter
|
0-0: Ball 1-0: Swinging Strike 1-1: SINGLE (Flyball, 8RS, EV 90.0 MPH)
|
Batting: RHB Geoffrey Gonzalez
|
0-0: Ball Geoffrey Potter is caught stealing 2nd base 2-4 1-0: Ball 2-0: Ball 3-0: Base on Balls
|
Batting: LHB Ed Leighton
|
0-0: Foul Ball, location: 2F 0-1: Foul Ball, location: 2F 0-2: Ball 1-2: Ball 2-2: Foul Ball, location: 2F 2-2: Fly out, F8 (Flyball, 89M, EV 84.4 MPH)
|
Batting: RHB Rewa Havika
|
0-0: Ball 1-0: 2-RUN HOME RUN (Line Drive, 7D, EV 98.8 MPH), Distance : 377 ft
|
Pitching: LHP Joe Morgan
|
|
Batting: LHB John Bergeron
|
0-0: Called Strike 0-1: Called Strike 0-2: Ball 1-2: Ball 2-2: Strikes out swinging
|
Top of the 8th over - 2 runs, 2 hits, 0 errors, 0 left on base; University of Maine 3 - Arizona State University 1 |
BOTTOM OF THE 8TH |
Arizona State University Sun Devils batting - Pitching for University of Maine Black Bears : RHP Shizue Morimoto
|
Pitching: RHP Jorge Gutierrez
|
|
Now at 1B: Bryan Douglas
|
|
Batting: RHB Kawenaula Kapali
|
0-0: Ball 1-0: Foul Ball, location: 2F 1-1: Ball 2-1: Ball 3-1: Foul Ball, location: 2F 3-2: SINGLE (Groundball, 6MS, EV 66.9 MPH) (infield hit)
|
Batting: RHB Rusty Gee
|
0-0: Ball 1-0: Fielders Choice at 2nd, 5-4 (Groundball, 56S, EV 86.9 MPH)
|
Batting: LHB Timon Giorgiou
|
0-0: SINGLE (Flyball, 7S, EV 97.5 MPH) Rusty Gee to second
|
Batting: LHB Randy Marquez
|
0-0: Ball 1-0: Ball 2-0: Ball 3-0: Base on Balls Rusty Gee to third Timon Giorgiou to second
|
Batting: RHB Chris DeLuise
|
0-0: Foul Ball, location: 2F 0-1: Ball 1-1: Grounds into fielders choice 6-2 (Groundball, 6, EV 88.1 MPH) Timon Giorgiou to third Randy Marquez to second
|
Batting: SHB Manny Aponte
|
0-0: Called Strike 0-1: Swinging Strike 0-2: Strikes out looking
|
Bottom of the 8th over - 0 runs, 2 hits, 0 errors, 3 left on base; University of Maine 3 - Arizona State University 1 |
TOP OF THE 9TH |
University of Maine Black Bears batting - Pitching for Arizona State University Sun Devils : LHP Joe Morgan
|
Batting: RHB Frank Gould
|
0-0: Swinging Strike 0-1: Swinging Strike 0-2: Strikes out swinging
|
Batting: LHB John Knox
|
0-0: Called Strike 0-1: Swinging Strike 0-2: Strikes out swinging
|
Batting: RHB Justin Degon
|
0-0: Called Strike 0-1: Swinging Strike 0-2: Ball 1-2: Ground out U3 (Groundball, 3, EV 83.8 MPH)
|
Top of the 9th over - 0 runs, 0 hits, 0 errors, 0 left on base; University of Maine 3 - Arizona State University 1 |
BOTTOM OF THE 9TH |
Arizona State University Sun Devils batting - Pitching for University of Maine Black Bears : RHP Jorge Gutierrez
|
Pitching: LHP Al Sisneros
|
|
Batting: RHB John Burgis
|
0-0: DOUBLE (Groundball, 3L, EV 108.8 MPH)
|
Batting: LHB Dustin Gill
|
0-0: Ball 1-0: Ground out 6-3 (Groundball, 6, EV 105.0 MPH)
|
Batting: RHB Carl Evans
|
0-0: Ball 1-0: Fly out, F7 (Flyball, 7, EV 86.9 MPH)
|
Batting: RHB Kawenaula Kapali
|
0-0: Fly out, F8 (Flyball, 8LM, EV 78.1 MPH)
|
Bottom of the 9th over - 0 runs, 1 hit, 0 errors, 1 left on base; University of Maine 3 - Arizona State University 1 |
|